AoeStats
← Malik Bhai

Arena

507707419Analyzed
1v1 RM · 13d ago on Sep 19, 2026· 33m 10s· 2 players
Game mode
Random Map
Map size
Tiny (2 player)
Population
200
Speed
Normal
Resources
Standard
Victory
Conquest
Starting age
Dark Age
Ending age
Imperial Age
RankedLock teamsTeams togetherTeam positionsShared explorationLock speedFull tech treeHidden civsTurbo modeCheats
Victory
Defeat
🇵🇰 Bohemians · Pakistan
1754
+13
🇻🇳 Mongols · Vietnam
1691
-13
VNS_MZ
10:03 Feudal Age
13:58 Castle Age
14:31 Light Cavalry
21:32 Loom
22:31 Wheelbarrow
21:48 Horse Collar
24:44 Scale Barding Armor
25:31 Bloodlines
26:32 Chain Barding Armor
27:54 Forging
27:59 Husbandry
30:08 Iron Casting
30:05 Gold Mining
Malik Bhai
10:04 Feudal Age
13:43 Castle Age
12:05 Double-Bit Axe
14:04 Horse Collar
17:41 Loom
20:43 Wheelbarrow
21:36 Bow Saw
22:56 Fervor
23:10 Town Watch
26:46 Imperial Age
24:48 Scale Mail Armor
24:58 Forging
26:36 Chemistry
25:47 Clinker Construction
25:51 Padded Archer Armor
25:42 Fletching
27:44 Leather Archer Armor
27:53 Conscription
29:27 Ring Archer Armor
28:30 Pikeman
32:04 Bodkin Arrow
Connection lost

Rejoining the realm…

Still unreachable

The connection could not be restored.

Session expired

The server has moved on; the page needs a fresh start.